 Dungeon Crawl Stone Soup version 0.28.0-43-g3370ac3207 (webtiles) character file.

Game seed: 12787191455904899956

338 tizbic2 the Stinger (level 6, -4/45 HPs)
             Began as a Ghoul Venom Mage on Mar 4, 2022.
             Was an Initiate of Vehumet.
             Slain by an ogre
             ... wielding a +0 giant club
              (23 damage)
             ... on level 5 of the Dungeon.
             The game lasted 00:22:41 (3694 turns).

tizbic2 the Stinger (Ghoul Venom Mage)              Turns: 3694, Time: 00:22:42

Health: -4/45      AC:  7    Str: 12    XL:     6   Next: 55%
Magic:  6/8        EV: 10    Int: 12    God:    Vehumet [......]
Gold:   284        SH:  0    Dex:  9    Spells: 4/9 levels left

rFire   + . .      SeeInvis .   b - staff of cold
rCold   + + .      Faith    .   (no shield)
rNeg    + + +      Spirit   .   c - +0 ring mail {rF+}
rPois   ∞          Reflect  .   f - +1 helmet
rElec   .          Harm     .   (no cloak)
rCorr   .          Rampage  .   (no gloves)
Will    .....                   (no boots)
Stlth   +.........              e - amulet of regeneration
HPRegen 0.00/turn               (no ring)
MPRegen 0.11/turn               (no ring)

@: very slightly contaminated, inhibited regen
A: claws 1, cold resistance 1, negative energy resistance 3, inhibited
regeneration, torment resistance 2
a: Renounce Religion


You were on level 5 of the Dungeon.
You worshipped Vehumet.
Vehumet was noncommittal.
You visited 1 branch of the dungeon, and saw 5 of its levels.

You collected 284 gold pieces.

Inventory:

Missiles
 d - 120 stones (quivered)
Armour
 a - a +0 robe
 c - a +0 ring mail of fire resistance (worn)
 f - a +1 helmet (worn)
Magical Staves
 b - a staff of cold (weapon)
Jewellery
 e - an amulet of regeneration (around neck)
Scrolls
 g - 2 scrolls of magic mapping


   Skills:
 + Level 2.4 Staves
 * Level 1.9 Armour
 - Level 1.7 Dodging
 - Level 2.1 Stealth
 - Level 2.2 Unarmed Combat
 - Level 2.0 Spellcasting
 - Level 0.8 Transmutations
 - Level 2.5 Ice Magic
 * Level 3.9 Poison Magic
 + Level 2.0 Evocations


You had 4 spell levels left.
You knew the following spells:

 Your Spells              Type           Power      Damage    Failure   Level
a - Sting                 Tmut/Pois      24%        1d4       22%         1
b - Olgreb's Toxic Radia  Pois           10%        N/A       77%         4

Your spell library contained the following spells:

 Spells                   Type           Power      Damage    Failure   Level
 Poisonous Vapours        Pois/Air       10%        N/A       38%         2
 Mephitic Cloud           Conj/Pois/Air  4%         N/A       71%         3


Dungeon Overview and Level Annotations

Branches:
Dungeon (5/15)
 Temple: D:4-7

Altars:
Cheibriados
Dithmenos
Hepliaklqana
Kikubaaqudgha
Vehumet
Wu Jian
Zin


Innate Abilities, Weirdness & Mutations

You thrive by killing the living.
You are immune to poison.
You have sharp fingernails.
Your flesh is cold resistant. (rC+)
You are immune to negative energy. (rN+++)
You do not regenerate when monsters are visible.
You are immune to unholy pain and torment.


Message History

An ogre comes into view. It is wielding a +0 giant club.
The ogre shouts!
The dart slug launches a dart at you.
The slug dart hits you but does no damage.
An iguana comes into view.
You hit the dart slug. You freeze the dart slug.
The dart slug is heavily wounded.
The dart slug bites you but does no damage.
You hit the dart slug. You freeze the dart slug.
You kill the dart slug!
Vehumet accepts your kill.
Casting: Sting (safe; 22% risk of failure)
Confirm with . or Enter, or press ? or * to list all spells.
Aiming: Sting (safe; 22% risk of failure)
Press: ? - help, Shift-Dir - straight line, f - ogre
Aim: an ogre, wielding a +0 giant club (85% to hit)
The sting hits the ogre.
The ogre is poisoned.
The ogre is lightly wounded.
There is a stone staircase leading up here.
Casting: Sting (safe; 22% risk of failure)
Confirm with . or Enter, or press ? or * to list all spells.
Aiming: Sting (safe; 22% risk of failure)
Press: ? - help, Shift-Dir - straight line, f/p - ogre
Aim: an ogre, wielding a +0 giant club (lightly wounded, poisoned, 85% to hit)
You miscast Sting.
You are very lightly contaminated with residual magic.
Nothing appears to happen.
You hit the ogre.
The ogre is moderately wounded.
The ogre hits you with a +0 giant club!
Casting: Sting (safe; 22% risk of failure)
Confirm with . or Enter, or press ? or * to list all spells.
Aiming: Sting (safe; 22% risk of failure)
Press: ? - help, Shift-Dir - straight line, f/p - ogre
Aim: an ogre, wielding a +0 giant club (heavily wounded, poisoned, 85% to hit)
You miscast Sting.
Nothing appears to happen.
The ogre looks more healthy.
The ogre hits you with a +0 giant club!
The ogre hits you with a +0 giant club!!
Ouch! That really hurt!
You die...

#........#
####.#......###
#..#.#.........
#.#.#.....)...
#...<....$....
##..##.#†###...
#l.###...# #O##
##..# #@# ...#
#.# .#... #.#
.##.#$ #.# .#
.# #.# #.# #.#
#.#


You could see an ogre and an iguana.

Vanquished Creatures
  A black bear (D:4)
  2 orc priests (D:4)
  An orc wizard (D:4)
  A hound skeleton (D:4)
  5 adders
  An adder skeleton (D:4)
  A worm (D:2)
  3 dart slugs
  8 orcs
  7 ball pythons
  8 endoplasms
  4 giant cockroaches
  6 goblins
  4 hobgoblins
  9 jackals
  5 kobolds
  4 quokkas
  6 bats
  2 frilled lizards
  10 rats
88 creatures vanquished.

Vanquished Creatures (others)
  A plant (D:1)
1 creature vanquished.

Grand Total: 89 creatures vanquished

Notes
Turn   | Place    | Note
-------+----------+-------------------------------------------
     0 | D:1      | tizbic2 the Ghoul Venom Mage began the quest for the Orb.
     0 | D:1      | Reached XP level 1. HP: 14/14 MP: 2/2
   215 | D:1      | Reached skill level 1 in Unarmed Combat
   215 | D:1      | Reached XP level 2. HP: 15/20 MP: 1/3
   673 | D:1      | Reached XP level 3. HP: 26/26 MP: 5/5
   927 | D:2      | Reached skill level 1 in Staves
  1023 | D:2      | Found a faded altar of an unknown god.
  1064 | D:2      | Reached skill level 1 in Ice Magic
  1064 | D:2      | Reached XP level 4. HP: 33/33 MP: 6/6
  1291 | D:2      | Reached skill level 1 in Evocations
  1724 | D:3      | Found a radiant altar of Vehumet.
  1847 | D:3      | Became a worshipper of Vehumet
  1920 | D:3      | Learned a level 4 spell: Olgreb's Toxic Radiance
  1967 | D:3      | Found an ornate altar of the Wu Jian Council.
  2022 | D:3      | Found a hazy altar of Hepliaklqana.
  2048 | D:3      | Found an ancient bone altar of Kikubaaqudgha.
  2123 | D:3      | Found a snail-covered altar of Cheibriados.
  2472 | D:4      | Reached XP level 5. HP: 29/38 MP: 7/7
  2764 | D:4      | Noticed a black bear
  2795 | D:4      | Killed a black bear
  2796 | D:4      | Reached skill level 1 in Armour
  2905 | D:4      | Found a shadowy altar of Dithmenos.
  2935 | D:4      | Reached XP level 6. HP: 25/45 MP: 8/8
  3322 | D:4      | HP: 2/45 [orc/+0 hand axe (3)]
  3678 | D:5      | Entered Level 5 of the Dungeon
  3694 | D:5      | Slain by an ogre

Illustrated notes

Levels and vault maps discovered:
D:1:      roderic_crop_circles_arrival_small, layout_basic,
          minmay_rat_gold_closets
D:2:      layout_rooms, shapermc_ecumenical_altar_mp_vishouse
D:3:      layout_loops_corners, lemuel_tele_altar,
          nicolae_overflow_quartered_altars
D:4:      layout_basic, mainiacjoe_overflow_six_doors_small, kennysheep_mini
D:5:      layout_rooms, tgw_xom, makhleb_grotto_becter, kennysheep_mini_moat,
          mainiacjoe_overflow_alcove_4

Skill      XL: |  1  2  3  4  5  6 |
---------------+-------------------+-----
Unarmed Combat | 1 2 |  2.2
Spellcasting   | 2 |  2.0
Staves         | 1 2 |  2.4
Ice Magic      | 1 2 |  2.5
Evocations     | 1 2 |  2.0
Armour         | 1 |  1.9
Dodging        | |  1.7
Stealth        | |  2.1
Transmutations | |  0.8
Poison Magic   | |  3.9

Action                   |  1- 3 |  4- 6 || total
-------------------------+-------+-------++-------
Melee: Unarmed           |    23 |       ||    23
       Staff             |   134 |   220 ||   354
       Punch             |     2 |     7 ||     9
Throw: Stone             |    13 |     2 ||    15
 Cast: Sting             |    16 |    41 ||    57
       Olgreb's Toxic Ra |       |     1 ||     1
  Use: Scroll            |     1 |     4 ||     5
       Potion            |       |     2 ||     2
 Stab: Sleeping          |     3 |       ||     3
Armor: Robe              |     4 |       ||     4
       Ring mail         |    66 |   134 ||   200
Dodge: Dodged            |    75 |   153 ||   228
